 Dungeon Crawl Stone Soup version 0.31-a0-986-g5e6e4ef867 (webtiles) character file.

Game seed: 4996229667478884981

297 tromp the Sneak (level 6, 0/36 HPs)
             Began as a Kobold Brigand on Nov 18, 2023.
             Slain by a lemure (1 damage)
             ... led by Pikel
             ... on level 4 of the Dungeon.
             The game lasted 00:33:25 (3589 turns).

tromp the Sneak (Kobold Brigand)                    Turns: 3589, Time: 00:33:29

Health: 0/36       AC:  5    Str:  8    XL:     6   Next: 62%
Magic:  6/8        EV: 15    Int: 12    God:
Gold:   128        SH:  0    Dex: 19    Spells: 7/10 levels left

rFire   . . .        q - +2 quarterstaff (chaos)
rCold   . . .        (shield currently unavailable)
rNeg    . . .        o - +0 leather armour
rPois   .            (no helmet)
rElec   .            c - +0 cloak
rCorr   .            (no gloves)
SInv    .            r - +0 pair of boots
Will    .....        (no amulet)
Stlth   +++++        (no ring)
HPRegen 0.26/turn    (no ring)
MPRegen 0.11/turn

%: no passive effects
@: no status effects
A: small, no large weapons, nightstalker 3, low MP 1
a: no special abilities


You were on level 4 of the Dungeon.
You visited 1 branch of the dungeon, and saw 4 of its levels.

You collected 128 gold pieces.

Inventory:

Hand Weapons
 a - a +2 dagger
 g - a +1 hand axe of venom
 i - a +0 short sword
 q - a +2 quarterstaff of chaos (weapon)
Missiles
 d - 22 poisoned darts (quivered)
 e - 3 curare-tipped darts
Armour
 b - a +0 robe
 c - a +0 cloak (worn)
 j - an orb of light
 o - a +0 leather armour (worn)
 r - a +0 pair of boots (worn)
Magical Staves
 m - a staff of cold
Jewellery
 t - a ring of fire
Scrolls
 h - a scroll of noise {unknown}
 k - a scroll of teleportation {unknown}
 l - a scroll of vulnerability {unknown}
 n - a scroll of identify
Potions
 f - 2 potions of attraction
 s - a potion of ambrosia


   Skills:
 + Level 2.7 Fighting
 + Level 3.3 Short Blades
 * Level 1.7 Staves
 - Level 2.3 Throwing
 + Level 0.5 Armour
 * Level 2.9 Dodging
 + Level 7.1 Stealth
 * Level 2.5 Spellcasting
 + Level 0.6 Necromancy


You had 7 spell levels left.
You knew the following spells:

 Your Spells              Type           Power      Damage    Failure   Level
a - Summon Small Mammal   Summ           4%         N/A       34%         1
b - Apportation           Tloc           2%         N/A       36%         1
c - Necrotise             Necr           12%        1d4       28%         1

Your spell library contained the following spells:

 Spells                   Type           Power      Damage    Failure   Level


Dungeon Overview and Level Annotations

Branches:
Dungeon (4/15)
 Temple: D:4-7

Altars:
Dithmenos
Makhleb
Wu Jian
Zin

Annotations:
D:4 Pikel


Innate Abilities, Weirdness & Mutations

You are small and have problems with some larger weapons.
You are completely attuned to the shadows.
Your magical capacity is low. (-10% MP)


Message History

Pikel is moderately wounded.
Pikel hits you with a +1 whip of freezing.
Pikel freezes you.
A lemure comes into view.
The lemure closely misses you.
You barely miss Pikel.
Pikel is moderately wounded.
Pikel misses you.
A lemure comes into view.
The lemure closely misses you.
You barely miss Pikel.
Pikel is moderately wounded.
Pikel barely misses you. The lemure misses you.
You hit Pikel but do no damage.
Pikel suddenly seems more resistant.
Pikel is moderately wounded.
Pikel hits you with a +1 whip of freezing.
Pikel freezes you. The lemure hits you. Pikel barely misses you.
The lemure closely misses you.
You barely miss Pikel.
Pikel is moderately wounded.
Pikel barely misses you. The lemure hits you.
Your magical contamination has completely faded away.
You feel extremely strange.
You feel less energetic.
Pikel hits you with a +1 whip of freezing!
* * * LOW HITPOINT WARNING * * *
Pikel freezes you.
* * * LOW HITPOINT WARNING * * *
The lemure barely misses you.
You closely miss Pikel.
Pikel is moderately wounded.
Pikel barely misses you. The lemure barely misses you.
You hit Pikel but do no damage.
Pikel is lightly wounded.
Pikel hits you with a +1 whip of freezing.
* * * LOW HITPOINT WARNING * * *
Pikel freezes you.
* * * LOW HITPOINT WARNING * * *
The lemure hits you.
You die...

.......####.
#####..#.....
#..#.##.#
#.......#
#.......#
#.##.#.## #.
#....# #.
###.## #@#
...5K# ####5#
#5# #.#


You could see Pikel (resistant) and 3 lemures.

Vanquished Creatures
  An ogre (D:3)
  An orc priest (D:3)
  Crazy Yiuf (D:3)
  Natasha (D:3)
  An iguana (D:4)
  An adder (D:2)
  2 ufetubi (D:3)
  2 worms
  A dart slug (D:2)
  8 orcs
  6 ball pythons
  7 bats
  3 endoplasms
  2 giant cockroaches (D:1)
  10 goblins
  4 hobgoblins
  4 jackals (D:2)
  A quokka (D:3)
  A frilled lizard (D:1)
  8 kobolds
  5 rats
70 creatures vanquished.

Notes
Turn   | Place    | Note
-------+----------+-------------------------------------------
     0 | D:1      | tromp the Kobold Brigand began the quest for the Orb.
     0 | D:1      | Reached XP level 1. HP: 12/12 MP: 1/1
    72 | D:1      | Found a faded altar of an unknown god.
   119 | D:1      | Reached XP level 2. HP: 12/17 MP: 2/2
   190 | D:1      | Reached skill level 6 in Stealth
   356 | D:1      | Reached XP level 3. HP: 18/22 MP: 3/3
  1239 | D:2      | Reached XP level 4. HP: 27/27 MP: 4/4
  1449 | D:2      | Learned a level 1 spell: Summon Small Mammal
  1451 | D:2      | Learned a level 1 spell: Apportation
  1453 | D:2      | Learned a level 1 spell: Necrotise
  2097 | D:3      | Found a runed translucent door.
  2100 | D:3      | Noticed Crazy Yiuf
  2105 | D:3      | Killed Crazy Yiuf
  2106 | D:3      | Reached skill level 1 in Spellcasting
  2215 | D:3      | Reached XP level 5. HP: 31/31 MP: 6/6
  2426 | D:3      | Noticed an ogre
  2433 | D:3      | Killed an ogre
  2434 | D:3      | Reached skill level 1 in Staves
  2434 | D:3      | Reached skill level 7 in Stealth
  2434 | D:3      | Reached XP level 6. HP: 11/36 MP: 8/8
  2917 | D:3      | Found a burning altar of Makhleb.
  2920 | D:3      | Found a glowing silver altar of Zin.
  2922 | D:3      | Noticed an Executioner
  2922 | D:3      | Noticed an angel
  2943 | D:3      | Noticed Natasha
  2948 | D:3      | Killed Natasha
  3411 | D:4      | Found an ornate altar of the Wu Jian Council.
  3429 | D:4      | Found a shadowy altar of Dithmenos.
  3577 | D:4      | Noticed Pikel
  3587 | D:4      | Gained mutation: Your magical capacity is low. (-10% MP)
                  | [potion of mutation]
  3589 | D:4      | HP: 1/36 [Pikel/+1 whip of freezing (1)]
  3589 | D:4      | Slain by a lemure

Illustrated notes

Levels and vault maps discovered:
D:1:      ncdulo_lavacross, layout_rooms, chequers_ecumenical_altar_twisty,
          kennysheep_small_spiral
D:2:      layout_loops_corners, hex_medium
D:3:      layout_basic, grunt_temple_overflow_order_and_chaos_2,
          grunt_decor_fettered, hangedman_abyss_or_decor_stabs,
          uniq_crazy_yiuf_cottage, uniq_natasha
D:4:      wander_river, layout_loops_cross, mainiacjoe_overflow_big_doors,
          minivault_26, uniq_pikel

Skill      XL: |  1  2  3  4  5  6 |
---------------+-------------------+-----
Stealth        | 6 7 |  7.1
Short Blades   | 3 |  3.3
Dodging        | 2 |  2.9
Spellcasting   | 1 2 |  2.5
Staves         | 1 |  1.7
Fighting       | |  2.7
Throwing       | |  2.3
Armour         | |  0.5
Necromancy     | |  0.6

Action                     |  1- 3 |  4- 6 || total
---------------------------+-------+-------++-------
  Melee: Dagger            |    97 |    12 ||   109
         Quarterstaff      |       |   150 ||   150
  Throw: Dart              |     2 |       ||     2
   Cast: Necrotise         |       |    17 ||    17
         Summon Small Mamm |       |     3 ||     3
    Use: Scroll            |     1 |     2 ||     3
         Potion            |       |     5 ||     5
   Stab: Sleeping          |    11 |    15 ||    26
 Armour: Robe              |    39 |     2 ||    41
         Leather armour    |       |    53 ||    53
  Dodge: Dodged            |    61 |    72 ||   133

Table legend: (Time is in decaauts)
 A = Elapsed time spent in this place.
 B = Non-inter-level travel time spent in this place.
 C = Inter-level travel time spent in this place.
 D = Time resting spent in this place.
 E = Time spent auto-exploring this place.
 F = Levels seen in this place.
 G = Mean time per level.
                   A        B        C        D        E       F      G
               +--------+--------+--------+--------+--------+-----+--------+
         Total |   3606 |   3606 |      0 |    510 |   1899 |   4 |  901.5 |
       Dungeon |   3606 |   3606 |      0 |    510 |   1899 |   4 |  901.5 |
               +--------+--------+--------+--------+--------+-----+--------+

Top non-repeatable levels by time:
     D:3: 1363 daAuts
     D:2: 1172 daAuts
     D:1: 710 daAuts
     D:4: 360 daAuts
